 Dungeon Crawl Stone Soup version 0.28.0-43-g3370ac3207 (webtiles) character file.

Game seed: 3438530191543949250

94 croobank the Conjurer (level 4, -2/32 HPs)
             Began as a Gnoll Conjurer on Mar 24, 2022.
             Slain by Sigmund
             ... wielding a +0 vorpal scythe
              (3 damage)
             ... on level 3 of the Dungeon.
             The game lasted 00:06:11 (2153 turns).

croobank the Conjurer (Gnoll Conjurer)              Turns: 2153, Time: 00:06:11

Health: -2/32      AC:  2    Str:  6    XL:     4   Next: 63%
Magic:  11/11      EV: 13    Int: 19    God:
Gold:   97         SH:  0    Dex: 11    Spells: 7/13 levels left

rFire   + . .      SeeInvis .   m - +2 short sword (protect)
rCold   + . .      Faith    .   (no shield)
rNeg    . . .      Spirit   .   a - +0 robe
rPois   +          Reflect  .   (no helmet)
rElec   +          Harm     .   (no cloak)
rCorr   +          Rampage  .   (no gloves)
Will    .....                   (no boots)
Stlth   ++........              (no amulet)
HPRegen 0.10/turn               (no ring)
MPRegen 0.12/turn               (no ring)

@: resistant, flying
A: fangs 1, strong nose, distributed training
a: no special abilities


You were on level 3 of the Dungeon.
You visited 1 branch of the dungeon, and saw 3 of its levels.

You collected 97 gold pieces.

Inventory:

Hand Weapons
 b - a +0 hunting sling
 e - a +0 whip
 m - a +2 short sword of protection (weapon)
Missiles
 o - 5 curare-tipped darts (quivered)
 p - 19 stones
Armour
 a - a +0 robe (worn)
Magical Staves
 q - a staff of cold
Jewellery
 l - an amulet of reflection
Scrolls
 c - 4 scrolls of identify {unknown}
 d - a scroll of fog {unknown}
 g - a scroll of teleportation {unknown}
 i - a scroll of vulnerability {unknown}
 k - a scroll of brand weapon {unknown}
Potions
 h - a potion of flight


   Skills:
 + Level 1.2 Fighting
 + Level 1.2 Short Blades
 + Level 1.2 Long Blades
 + Level 1.2 Axes
 + Level 1.2 Maces & Flails
 + Level 1.2 Polearms
 + Level 1.2 Staves
 + Level 1.2 Slings
 + Level 1.2 Bows
 + Level 1.2 Crossbows
 + Level 1.2 Throwing
 + Level 1.2 Armour
 + Level 4.6 Dodging
 + Level 4.3 Stealth
 + Level 1.2 Shields
 + Level 1.2 Unarmed Combat
 + Level 5.1 Spellcasting
 + Level 7.1 Conjurations
 + Level 1.0 Hexes
 + Level 1.0 Summonings
 + Level 1.0 Necromancy
 + Level 1.0 Translocations
 + Level 1.0 Transmutations
 + Level 1.0 Fire Magic
 + Level 1.0 Ice Magic
 + Level 1.0 Air Magic
 + Level 1.0 Earth Magic
 + Level 1.0 Poison Magic
 + Level 1.3 Invocations
 + Level 1.2 Evocations


You had 7 spell levels left.
You knew the following spells:

 Your Spells              Type           Power      Damage    Failure   Level
a - Magic Dart            Conj           100%       1d8       1%          1
b - Searing Ray           Conj           64%        2d6       1%          2
c - Dazzling Flash        Conj/Hex       40%        N/A       7%          3

Your spell library contained the following spells:

 Spells                   Type           Power      Damage    Failure   Level
 Stone Arrow              Conj/Erth      40%        3d9       7%          3
 Fulminant Prism          Conj/Hex       10%        3d9       22%         4
 Iskenderun's Mystic Bla  Conj/Tloc      20%        2d6       22%         4
 Confusing Touch          Hex            8%         N/A       24%         3
 Animate Armour           Summ/Erth      16%        N/A       63%         4
 Yara's Violent Unravell  Hex/Tmut       4%         3d4       92%         5
 Enfeeble                 Hex            4%         N/A       100%        7
 Lehudib's Crystal Spear  Conj/Erth      10%        10d4      100%        8


Dungeon Overview and Level Annotations

Branches:
Dungeon (3/15)

Altars:

Shops:
D:1 ?

Annotations:
D:3 1 runed translucent door, Sigmund; sanboga's ghost, amateur GrFi


Innate Abilities, Weirdness & Mutations

You have very sharp teeth.
Your uncanny sense of smell can sniff out nearby items.
Your experience applies equally to all skills.


Message History

Aiming: Magic Dart (safe; 1% risk of failure)
Press: ? - help, Shift-Dir - straight line, f - Sigmund
Aim: Sigmund, wielding a +0 vorpal scythe and wearing a +0 robe (100% to hit)
The magic dart hits Sigmund.
Sigmund is lightly wounded.
Sigmund breathes a few words.
Sigmund's hands start flickering wildly.
Sigmund gestures at you while chanting.
You are confused.
It was a potion of heal wounds.
You feel much better.
Sanboga's ghost says, "You can hit me, but you can't hurt me."
You're too confused to cast spells.
It was a potion of flight.
You feel very buoyant.
You fly up into the air.
It was a potion of resistance.
You feel protected.
Sigmund mumbles some strange words.
Sigmund flickers and vanishes!
Deactivating autopickup; reactivate with Ctrl-A.
It was a potion of ambrosia.
You are more confused.
You feel invigorated. Something barely misses you.
You're too confused to cast spells.
You hit something.
Your weapon exudes an aura of protection.
Your bite misses something. Something hits you!
You're too confused to move!
Sanboga's ghost says, "Very impressive.
But it won't help.
Nothing will."
Something hits you!
You feel less invigorated. Something hits you but does no damage.
You are too confused!
You are too confused!
You feel less confused. Something hits you!
You closely miss something. You miss something. You bite something.
Something hits you!
* * * LOW HITPOINT WARNING * * *
You die...

#.###...†..............'....
....#####.#########..####....
###...........# #..........
#.#####.....# #.#########
######....# #.# [≈WSS+....#
#.# . ######....######.# .
.................# #
.....#...@.......#
.....#...{.......# ∆
.....#....#......# ∆ ....
#....#...... # #..
#....#...... . #....# ..... .
###### ..... ###.


You could see sanboga's ghost and 2 adders.

Vanquished Creatures
  A hound (D:3)
  2 adders
  A worm (D:2)
  5 ball pythons
  An endoplasm (D:2)
  3 giant cockroaches (D:3)
  6 goblins
  2 hobgoblins
  5 jackals (D:2)
  4 kobolds
  A quokka (D:1)
  3 bats
  2 frilled lizards
  5 rats
41 creatures vanquished.

Notes
Turn   | Place    | Note
-------+----------+-------------------------------------------
     0 | D:1      | croobank the Gnoll Conjurer began the quest for the Orb.
     0 | D:1      | Reached XP level 1. HP: 13/13 MP: 6/6
   224 | D:1      | Reached XP level 2. HP: 17/19 MP: 5/7
   227 | D:1      | Learned a level 2 spell: Searing Ray
   255 | D:1      | Found Luupn's Magic Scroll Emporium.
   472 | D:1      | Found a faded altar of an unknown god.
  1053 | D:2      | Reached XP level 3. HP: 17/25 MP: 1/9
  1057 | D:2      | Learned a level 3 spell: Dazzling Flash
  1221 | D:2      | Reached skill level 5 in Spellcasting
  1656 | D:2      | Reached skill level 1 in Invocations
  1831 | D:3      | Reached skill level 1 in Fighting
  1831 | D:3      | Reached skill level 1 in Short Blades
  1831 | D:3      | Reached skill level 1 in Long Blades
  1831 | D:3      | Reached skill level 1 in Axes
  1831 | D:3      | Reached skill level 1 in Maces & Flails
  1831 | D:3      | Reached skill level 1 in Polearms
  1831 | D:3      | Reached skill level 1 in Staves
  1831 | D:3      | Reached skill level 1 in Slings
  1831 | D:3      | Reached skill level 1 in Bows
  1831 | D:3      | Reached skill level 1 in Crossbows
  1831 | D:3      | Reached skill level 1 in Throwing
  1831 | D:3      | Reached skill level 1 in Armour
  1831 | D:3      | Reached skill level 1 in Shields
  1831 | D:3      | Reached skill level 1 in Unarmed Combat
  1831 | D:3      | Reached skill level 1 in Evocations
  1847 | D:3      | Reached XP level 4. HP: 32/32 MP: 4/11
  2057 | D:3      | Found a runed translucent door.
  2060 | D:3      | Noticed sanboga's ghost (amateur GrFi)
  2068 | D:3      | Reached skill level 1 in Hexes
  2068 | D:3      | Reached skill level 1 in Summonings
  2068 | D:3      | Reached skill level 1 in Necromancy
  2068 | D:3      | Reached skill level 1 in Translocations
  2068 | D:3      | Reached skill level 1 in Transmutations
  2068 | D:3      | Reached skill level 1 in Fire Magic
  2068 | D:3      | Reached skill level 1 in Ice Magic
  2068 | D:3      | Reached skill level 1 in Air Magic
  2068 | D:3      | Reached skill level 1 in Earth Magic
  2068 | D:3      | Reached skill level 1 in Poison Magic
  2139 | D:3      | Noticed Sigmund
  2153 | D:3      | HP: 1/32 [something (11)]
  2153 | D:3      | Slain by Sigmund

Illustrated notes

Levels and vault maps discovered:
D:1:      dpeg_arrival_pond, layout_loops_ring, serial_shops,
          nicolae_shop_trees, shapermc_ecumenical_altar_mp_ritualfount
D:2:      layout_loops_cross
D:3:      minmay_diamond_boxcup, layout_basic, ebering_ghost_sewer_d,
          minmay_crystal_room, chequers_serial_rivers_marsh,
          nrook_loot_triangle, uniq_sigmund

Skill      XL: |  1  2  3  4 |
---------------+-------------+-----
Spellcasting   | 5 |  5.1
Invocations    | 1 |  1.3
Fighting       | 1 |  1.2
Short Blades   | 1 |  1.2
Long Blades    | 1 |  1.2
Axes           | 1 |  1.2
Maces & Flails | 1 |  1.2
Polearms       | 1 |  1.2
Staves         | 1 |  1.2
Slings         | 1 |  1.2
Bows           | 1 |  1.2
Crossbows      | 1 |  1.2
Throwing       | 1 |  1.2
Armour         | 1 |  1.2
Shields        | 1 |  1.2
Unarmed Combat | 1 |  1.2
Evocations     | 1 |  1.2
Hexes          | 1 |  1.0
Summonings     | 1 |  1.0
Necromancy     | 1 |  1.0
Translocations | 1 |  1.0
Transmutations | 1 |  1.0
Fire Magic     | 1 |  1.0
Ice Magic      | 1 |  1.0
Air Magic      | 1 |  1.0
Earth Magic    | 1 |  1.0
Poison Magic   | 1 |  1.0
Dodging        | |  4.6
Stealth        | |  4.3
Conjurations   | |  7.1

Action                   |  1- 3 |  4- 6 || total
-------------------------+-------+-------++-------
Melee: Unarmed           |     5 |       ||     5
       Whip              |     5 |       ||     5
       Bite              |     2 |     1 ||     3
       Short sword       |    13 |     3 ||    16
 Cast: Magic Dart        |    46 |     6 ||    52
       Searing Ray       |     7 |     3 ||    10
  Use: Potion            |       |     4 ||     4
 Stab: Sleeping          |     1 |       ||     1
Armor: Robe              |     8 |     1 ||     9
Dodge: Dodged            |    21 |     2 ||    23
